[Event "Late-Titled-Tuesday-Blitz-February-13-2024"]
[Site "Chess.com"]
[Date "2024.02.13"]
[Round "8"]
[White "saikrishnaReturns"]
[Black "yaguigor"]
[Result "1-0"]
[WhiteElo "2789"]
[BlackElo "2637"]
[TimeControl "180+1"]
[EndTime "15:30:07 PST"]
[Termination "saikrishnaReturns won on time"]

1. Nf3 d5 2. g3 Bg4 3. Bg2 Nd7 4. O-O c6 5. d3 e5 6. e4 dxe4 7. dxe4 Ngf6 8. Nbd2 Be7 9. h3 Bh5 10. g4 Bg6 11.
Qe2 O-O 12. Nh4 Re8 13. Nf5 Bf8 14. Nc4 Nc5 15. Bg5 Ne6 16. Be3 Qc7 17. a4 b6 18. Qf3 Rad8 19. Qg3 Nf4 20. Kh2 Rd7 21. Bf3 Bc5 22. Nxe5 Qxe5 23. Bxf4 Qxb2 24. Rfe1 Qxc2 25. Re2 Qc3 26. Rc1 Qa3 27. Be5 Rxe5 28. Qxe5 Qxf3 29. Rxc5 h6 30. Rcc2 Bxf5 31. gxf5 c5 32. Re3 Qh5 33. Qg3 Kh7 34. e5 Nd5 35. e6 fxe6 36. fxe6 Re7 37.
Re5 Qd1 38. Rce2 Nf6 39. R2e3 Qd6 40. Kg2 Qc6+ 41. Qf3 Qxa4 42. Qf5+ Kh8 43. Rg3 Qc6+ 44. Kh2 Qe8 45. Rg6 Ng8 46. Rd5 c4 47. Rd7 c3 48.
h4 c2 49. Qxc2 Rxe6 50. Rxe6 Qxe6 51. Rd8 Qe5+ 52. Kg2 Qf6 53. Qc8 Qf7 54. h5 b5 55.
Rd7 Qxh5 56. Rxa7 Qd5+ 57. f3 b4 58. Rb7 b3 59. Qb8 Qd2+ 60. Kg3 Qg5+ 61. Kf2 Qd2+ 62. Kg3 Qg5+ 63. Kh3 Qh5+ 64. Kg2 Qg5+ 65. Kh2 Qh5+ 66. Kg2 Qg5+ 67. Kf1 Qc1+ 68. Ke2 Qc2+ 69. Ke3 Qc3+ 70.
Ke4 Qc4+ 71. Ke5 Qc5+ 72. Ke6 Qc4+ 73. Kd6 Qd4+ 74. Ke6 Qe3+ 75. Kd6 Qxf3 76. Rxb3 Qf6+ 77. Kd5 Qf7+ 78. Kd4 Kh7 79. Rb7 Qf4+ 80. Qxf4 Nf6 81.
Qxf6 1-0

[Event "Late-Titled-Tuesday-Blitz-February-13-2024"]
[Site "Chess.com"]
[Date "2024.02.13"]
[Round "8"]
[White "maxip32"]
[Black "ProfessorChess101"]
[Result "0-1"]
[WhiteElo "2653"]
[BlackElo "2795"]
[TimeControl "180+1"]
[EndTime "15:30:09 PST"]
[Termination "ProfessorChess101 won by resignation"]

1. e4 c5 2. Nf3 e6 3. d3 d5 4. Nbd2 g6 5. g3 Bg7 6. Bg2 Nc6 7. O-O Nge7 8. Re1 O-O 9. h4 e5 10. exd5 Nxd5 11. Nc4 Re8 12. c3 Bg4 13. a4 a6 14. Qb3 Rb8 15. Ncxe5 Nxe5 16. Nxe5 Be6 17. Qd1 Qc7 18. Nc4 Rbd8 19. Bg5 f6 20. Bd2 Bf7 21. Qc2 Qd7 22. a5 Qf5 23. Rxe8+ Bxe8 24. Qb3 Bf7 25. Qxb7 Qxd3 26. Bf1 Qc2 27. Rc1 Qf5 28. Qxa6 Ne7 29. Ne3 Qe4 30. Bg2 Qa4 31. Be1 Qa2 32.
Qb6 Rd7 33. a6 Bh6 34. a7 Qxa7 35. Qxa7 Rxa7 36. b4 c4 37. Rd1 Bxe3 38. fxe3 Nf5 39. e4 Ne7 40. Bf2 Ra3 41. Bd4 Kg7 42. Rf1 Nc6 43.
Bxf6+ Kg8 44. b5 Na5 45. b6 Rb3 46. Bd4 Nc6 47. Bf6 Rxb6 48. Ra1 Nb8 49. e5 Kf8 50. Ra8 Be6 51. Kf2 Kf7 52. Ke3 Nd7 53. Ra7 Ke8 54.
Kd4 Nxf6 55. exf6 Bf5 56. f7+ Kf8 57. Bd5 Rb8 58. Kxc4 Bc8 59. Kd4 Bg4 60. c4 Rc8 61. c5 Kg7 62. c6 h6 63. Ke5 Kf8 64. Kd6 Rd8+ 65. Kc5 Rc8 66. Kb6 Rb8+ 67. Rb7 Rd8 68. c7 Rxd5 69. Rb8+ Kxf7 70. c8=Q Bxc8 71. Rxc8 Rd3 72.
Rc7+ Kf6 73. Rc6+ Kf7 74. g4 Rd4 75. g5 h5 76. Rf6+ Kg7 77. Rc6 Rxh4 78. Rc7+ Kf8 79. Rc8+ Ke7 80. Rc6 Kf7 81. Rc7+ Ke6 0-1

[Event "Late-Titled-Tuesday-Blitz-February-13-2024"]
[Site "Chess.com"]
[Date "2024.02.13"]
[Round "8"]
[White "Flawless_Fighter"]
[Black "Kotlyar_K"]
[Result "1-0"]
[WhiteElo "2746"]
[BlackElo "2524"]
[TimeControl "180+1"]
[EndTime "15:30:17 PST"]
[Termination "Flawless_Fighter won on time"]

1. e4 c6 2. d4 d5 3. e5 Bf5 4. Nf3 e6 5. Be2 Nd7 6. O-O a6 7. a4 h6 8. a5 c5 9. c4 Ne7 10. Nc3 dxc4 11. d5 exd5 12. Nxd5 Nxd5 13. Qxd5 Be6 14.
Qxb7 Be7 15. Rd1 Qc8 16. Qe4 O-O 17. Bxc4 Bxc4 18. Qxc4 Qc6 19. Bxh6 Nxe5 20. Nxe5 Qxh6 21. Rd7 Rae8 22. g3 Qh5 23. Nc6 Bf6 24. Rd5 Qf3 25.
Rxc5 Re2 26. Rf1 Rxb2 27. Qxa6 Re8 28. Qa7 Ree2 29. Rcc1 Bg5 30. Ra1 Be3 31. Ne5 Qd5 32.
Qxf7+ Qxf7 33. Nxf7 Bxf2+ 34. Kg2 Bd4+ 35. Kh3 Rxh2+ 36. Kg4 Rb4 37. Rf4 Bxa1 38. Rxb4 Kxf7 39. Ra4 Bd4 40. Rxd4 Ra2 41. Rd5 Ra4+ 42. Kh5 Ra3 43.
g4 Kf6 44. Rf5+ Ke6 45. Rb5 Kf6 46. Rb6+ Kf7 47. a6 Ra5+ 48. Kh4 Ra1 49. Kg5 Ra5+ 50.
Kh4 Ra1 51. Rb7+ Kg6 52. a7 Kh7 53. Kg5 Ra5+ 54. Kf4 Ra4+ 55. Kf5 Ra5+ 56. Ke6 Ra6+ 57. Ke7 Ra1 58. Kf8 Kh8 59. Rf7 Ra6 60. Re7 Ra1 61.
Rd7 Rf1+ 62. Rf7 Ra1 63. g5 Ra6 64. Rb7 Ra5 65. Kf7 Kh7 66. g6+ Kh6 67. Rc7 Ra6 68. Kg8 Kxg6 69. Rxg7+ Kh6 70. Rb7 Kg6 71. Kf8 Kh5 72.
Ke8 Kh4 73. Kd8 Ra1 74. Kc8 Kg5 75. Kb8 Kf6 76. a8=Q Rxa8+ 77. Kxa8 1-0

[Event "Late-Titled-Tuesday-Blitz-February-13-2024"]
[Site "Chess.com"]
[Date "2024.02.13"]
[Round "8"]
[White "sansanathalia"]
[Black "mjelcic"]
[Result "1-0"]
[WhiteElo "2385"]
[BlackElo "2218"]
[TimeControl "180+1"]
[EndTime "15:30:24 PST"]
[Termination "sansanathalia won by checkmate"]

1. d4 b6 2. Nf3 Bb7 3. e3 e6 4. Be2 Nf6 5. O-O c5 6. b3 d5 7. Bb2 Nbd7 8. Nbd2 Be7 9. c4 O-O 10.
Rc1 Rc8 11. Ne5 Rc7 12. f4 Qa8 13. Bf3 Rfc8 14. Qe2 cxd4 15. exd4 dxc4 16. Bxb7 Qxb7 17. Ndxc4 Qe4 18. Qxe4 Nxe4 19. Nxd7 Rxd7 20. Rfe1 Nf6 21. Kf2 Nd5 22. g3 Rdc7 23. Kf3 Bb4 24. Red1 b5 25. Ne5 Rxc1 26. Rxc1 Rxc1 27. Bxc1 a6 28. Nd3 Bd6 29. Nc5 Bxc5 30. dxc5 Kf8 31. Bd2 b4 32. Ke4 Ke7 33. Kd4 Kd7 34. Kc4 Kc6 35. Bxb4 Ne3+ 36. Kd3 Nf1 37. Bc3 Nxh2 38. Bxg7 Kxc5 39. Bf8+ Kd5 40.
Ke2 h5 41. a4 Ng4 42. Kf3 Nf6 43. Kg2 Ne4 44. Kh3 Nc5 45. Bxc5 Kxc5 46. Kh4 Kb4 47. Kxh5 Kxb3 48. Kg5 Kxa4 49. Kf6 Kb4 50. Kxf7 a5 51. Kxe6 a4 52. f5 a3 53. f6 a2 54. f7 a1=Q 55. f8=Q+ Kc4 56. Qf4+ Kd3 57. Kf5 Ke2 58. g4 Qg7 59. Qe4+ Kf2 60. g5 Qf7+ 61. Kg4 Qg7 62. Qf5+ Kg2 63. g6 Qd4+ 64. Qf4 Qd7+ 65. Kg5 Qe7+ 66. Qf6 Qe3+ 67. Qf4 Qe7+ 68. Kh6 Qe6 69.
Kh7 Qh3+ 70. Kg8 Qc8+ 71. Qf8 Qe6+ 72. Qf7 Qc8+ 73. Kh7 Qh3+ 74. Kg7 Qc3+ 75. Qf6 Qc7+ 76. Kf8 Qc8+ 77. Ke7 Qc7+ 78. Ke6 Qc4+ 79. Kf5 Qd5+ 80.
Kg4 Qd7+ 81. Kg5 Qd2+ 82. Qf4 Qd5+ 83. Qf5 Qd8+ 84. Kg4 Qa5 85. Qxa5 Kf2 86. g7 Ke2 87. g8=Q Kd1 88. Qga2 Kc1 89. Qe1# 1-0

[Event "Late-Titled-Tuesday-Blitz-February-13-2024"]
[Site "Chess.com"]
[Date "2024.02.13"]
[Round "8"]
[White "ChadBiryani"]
[Black "Nf3c5"]
[Result "0-1"]
[WhiteElo "2449"]
[BlackElo "2551"]
[TimeControl "180+1"]
[EndTime "15:30:27 PST"]
[Termination "Nf3c5 won by checkmate"]

1. e4 e5 2. Nf3 Nc6 3. c3 d5 4.
d3 h6 5. h3 Nf6 6. Qc2 a5 7. Be2 Bc5 8. O-O O-O 9. Nxe5 Nxe5 10. d4 Bxd4 11. cxd4 Nc6 12. Qd1 Nxe4 13. Nc3 Bf5 14.
Bf4 Re8 15. Bf3 Nxc3 16. bxc3 Be4 17. Bg4 a4 18. Re1 b5 19. Be2 Rb8 20. Bf1 Rb7 21. Qg4 Qc8 22. Qg3 Ne7 23. f3 Bg6 24. Qf2 Nf5 25. Rxe8+ Qxe8 26. Re1 Qd7 27. Bc1 Nd6 28.
Ba3 Rb8 29. Qb2 c6 30. Qc1 Re8 31. Kf2 Rxe1 32. Qxe1 Nf5 33. Qe5 f6 34. Qb8+ Kh7 35. g4 Ne7 36. Qf8 Nc8 37. f4 Qe8 38. f5 Bf7 39. Qxe8 Bxe8 40. Bc5 Kg8 41. h4 Bd7 42. Kg3 Kf7 43. Kf4 Ne7 44. Bd3 Ke8 45. g5 hxg5+ 46. hxg5 fxg5+ 47. Kxg5 Kf7 48. Bc2 Ng8 49. Bd1 Nf6 50.
Kf4 Ne4 51. Bh5+ Kf6 52. Bb6 Bxf5 53. Bd8+ Ke6 54. Ba5 g6 55. Be2 Nd6 56. Bb4 Ne8 57.
Bf1 Nf6 58. Be2 Nh5+ 59. Kg5 Ng3 60. Bf3 Be4 61. Bg4+ Bf5 62. Bf3 Nf1 63. Kf4 Nd2 64. Be2 a3 65. Bxa3 Bb1 66. Bb4 Bxa2 67. Bd3 Kf7 68. Ke3 Nc4+ 69. Kf4 Nd2 70. Kg5 Bb1 71.
Bxb1 Nxb1 72. Kf4 Kf6 73. Bd6 Nxc3 74. Be5+ Ke6 75. Bc7 Ne2+ 76. Ke3 Nc3 77. Ba5 Ne4 78. Be1 Kf5 79. Bb4 g5 80. Ba5 Kg4 81. Bc7 Kh3 82. Ba5 g4 83. Be1 g3 84. Ke2 g2 85. Bf2 Nxf2 86.
Kxf2 Kh2 87. Ke2 g1=Q 88. Kd3 Qc1 89. Ke2 Qc4+ 90. Ke3 b4 91. Kd2 Qxd4+ 92. Kc2 Qc3+ 93. Kb1 Qd2 94. Ka1 b3 95. Kb1 Qc2+ 96. Ka1 Qc1# 0-1

[Event "Late-Titled-Tuesday-Blitz-February-13-2024"]
[Site "Chess.com"]
[Date "2024.02.13"]
[Round "8"]
[White "ATM622"]
[Black "C_K_G"]
[Result "1/2-1/2"]
[WhiteElo "2472"]
[BlackElo "2174"]
[TimeControl "180+1"]
[EndTime "15:30:28 PST"]
[Termination "Game drawn - insufficient material"]

1. d4 d5 2. c4 e6 3. Nf3 Nf6 4. g3 b6 5. Bg2 Bb7 6. O-O Nbd7 7. Nbd2 Bd6 8. b3 O-O 9. Bb2 Re8 10. Ne5 c5 11. e3 Ne4 12. Nxe4 dxe4 13. f3 Bxe5 14.
dxe5 exf3 15. Bxf3 Bxf3 16. Qxf3 Qe7 17. Rad1 Nf8 18.
Rd6 Rad8 19. Rfd1 Ng6 20. Qc6 f6 21. exf6 Rxd6 22. Rxd6 gxf6 23. Rd7 Qf8 24. Qc7 Qh6 25.
Kg2 Nf8 26. Rd3 Qh5 27. Rd2 Qf5 28. Qf4 Qxf4 29. exf4 Kf7 30. Kf3 Ke7 31. h4 Nd7 32. h5 Nb8 33. g4 Rg8 34. Rg2 Nc6 35. g5 fxg5 36. fxg5 e5 37. Ke4 Ke6 38. g6 hxg6 39. hxg6 Nd4 40. g7 Kf6 41. Rf2+ Ke6 42. Rg2 Kf6 43.
Bc1 Rxg7 44. Rxg7 Kxg7 45. Kxe5 Nc2 46. Bb2 Nb4 47. Kd6+ Kf7 48. a3 Nd3 49. Bc3 Nc1 50. b4 cxb4 51. axb4 Na2 52. Bd2 Ke8 53. Kc6 Kd8 54.
Kb5 Kc7 55. Ka4 a5 56. bxa5 bxa5 57. Bxa5+ Kc6 58. Bd2 Kc5 59. Kb3 Kd4 60. Ba5 Nc1+ 61. Kb4 Nd3+ 62. Kb5 Ke4 63. Bb6 Ke5 64. Be3 Ke4 65. Bd2 Kd4 66. Bh6 Ke4 67. Bg7 Kf5 68.
Bh8 Ke6 69. Bd4 Kd6 70. Ka4 Kc6 71. Kb3 Nf4 72. Be5 Nd3 73. Bg3 Nc5+ 74. Kc3 Ne4+ 75. Kb4 Nxg3 76. Ka5 Nf5 77. c5 Ne3 78. Kb4 Nf5 79.
Kc4 Ne7 80. Kd4 Nd5 81. Ke4 Nc7 82. Ke5 Na6 83. Kf6 Nb4 84. Kg7 Nd3 85. Kh8 Ne5 86. Kh7 Nd7 87. Kh8 Kd5 88. Kh7 Ke6 89. Kh8 Ne5 90. Kh7 Nc6 91. Kh6 Ne7 92. c6 Nxc6 1/2-1/2

[Event "Late-Titled-Tuesday-Blitz-February-13-2024"]
[Site "Chess.com"]
[Date "2024.02.13"]
[Round "8"]
[White "amiqu"]
[Black "IngOscarArdila"]
[Result "0-1"]
[WhiteElo "2151"]
[BlackElo "2313"]
[TimeControl "180+1"]
[EndTime "15:30:39 PST"]
[Termination "IngOscarArdila won by resignation"]

1. d4 Nf6 2. Nf3 e6 3. e3 b6 4. Bd3 Bb7 5. O-O Be7 6. Nbd2 c5 7. c3 cxd4 8. exd4 O-O 9. Re1 Nc6 10. Nc4 Rc8 11.
Bf4 d5 12. Nce5 Nxe5 13. Nxe5 Ne4 14. Qg4 f5 15. Qh3 g5 16. Be3 g4 17. Qh6 Rf6 18. Qh5 Qe8 19. Qxe8+ Rxe8 20. Bb5 Rd8 21. f3 Nd6 22.
Bd3 f4 23. Bd2 gxf3 24. gxf3 Kh8 25. Ng4 Rg8 26. Kf2 Rfg6 27. Bxg6 Rxg6 28. Bxf4 Nc4 29. Ne5 Nxe5 30. Bxe5+ Kg8 31. Rg1 Kf7 32. Rxg6 hxg6 33. Rg1 Bh4+ 34. Bg3 Bf6 35. Be5 Bh4+ 36. Ke3 Ba6 37. Rg4 Be7 38. Rf4+ Ke8 39. Rg4 Kf7 40. Rg1 Bc4 41. b3 Bb5 42. a4 Be8 43. Bb8 a6 44. Bc7 b5 45. axb5 Bxb5 46. Rc1 Ba3 47. Rc2 Be7 48.
c4 Bc6 49. Be5 Ke8 50. h3 Kd7 51. Rg2 g5 52. f4 gxf4+ 53. Kxf4 dxc4 54. Rb2 c3 55. Rc2 Bb4 56. h4 Bd5 57. h5 Bxb3 58. Rc1 c2 59. h6 Bd2+ 60. Ke4 Bxh6 61. Rh1 c1=Q 62. Rxc1 Bxc1 63. Kd3 Bd5 64. Kc3 Kc6 65. Kb4 Bd2+ 66. Ka4 Bc3 67. Bf6 Bc4 68. Be5 Kd5 69. Bc7 Bb5+ 70.
Ka3 Kc4 71. Bb6 Bxd4 72. Bc7 Bc5+ 73. Kb2 Kd5 74. Bd8 e5 75. Bf6 e4 76. Kc2 Bd4 77.
Bg5 Bd3+ 78. Kd1 Kc4 79. Kd2 a5 80. Be7 a4 81. Ba3 Bc3+ 82. Ke3 Kb3 83. Bd6 a3 84. Bxa3 Kxa3 85. Kf2 Bd4+ 86. Ke1 Kb2 87. Kd2 Bc3+ 88. Ke3 Kc2 89. Kf2 Bd2 90. Kg3 e3 91. Kf4 0-1

[Event "Late-Titled-Tuesday-Blitz-February-13-2024"]
[Site "Chess.com"]
[Date "2024.02.13"]
[Round "8"]
[White "MetiForce"]
[Black "Sl4werThanYou"]
[Result "1/2-1/2"]
[WhiteElo "2866"]
[BlackElo "2679"]
[TimeControl "180+1"]
[EndTime "15:31:15 PST"]
[Termination "Game drawn by repetition"]

1. d4 Nf6 2. c4 e6 3. Nc3 Bb4 4.
Qb3 a5 5. a3 Bxc3+ 6. Qxc3 O-O 7. f3 d6 8. Nh3 Nc6 9. Nf2 a4 10. e4 e5 11. d5 Nd4 12. Be3 Nb3 13. Rd1 Nh5 14. Bd3 Nf4 15. O-O Nxd3 16. Nxd3 b6 17. Nc1 Nxc1 18. Rxc1 f5 19. f4 exf4 20. Rxf4 fxe4 21.
Rxe4 Bf5 22. Rf4 Qd7 23. Bd4 Bg6 24. Rxf8+ Rxf8 25. h3 Re8 26. Rf1 h6 27. Qg3 Kh7 28. Rf4 Re4 29. Rxe4 Bxe4 30. Qh4 Bd3 31. Bc3 Qf7 32.
Qd4 Qg6 33. Kf2 Be4 34. g4 Qf7+ 35. Ke1 Bg6 36. Kd2 h5 37. Ke1 h4 38. Qe3 b5 39.
Qg5 bxc4 40. Qxh4+ Kg8 41. Qd8+ Kh7 42. Qg5 Be4 43. Qh4+ Kg8 44. Qd8+ Kh7 45. Qg5 Bd3 46. Bd4 Be4 47. h4 Bd3 48. h5 Kg8 49. h6 Qf1+ 50. Kd2 Qe2+ 51. Kc3 Qe1+ 52. Qd2 Qxd2+ 53. Kxd2 gxh6 54.
Kc3 Kf7 55. Be3 Kg6 56. Kd4 Be2 57. Bd2 Bxg4 58. Ba5 Kf6 59. Bxc7 Ke7 60. Ba5 Be2 61. Be1 h5 62. Bh4+ Kd7 63. Bg3 Bd3 64. Bh4 Kc7 65. Bg3 Bf1 66. Bh4 Kd7 67. Bg3 Ke7 68. Bh4+ Ke8 69. Bg3 Kd7 70. Bh4 Bd3 71. Bg3 Be2 72. Bh4 Kc7 73. Bg3 Bf1 74. Bh4 Bd3 75.
Bg3 Kd7 76. Bh4 Ke8 77. Bg3 Ke7 78. Bh4+ Kf7 79. Bg3 Kf6 80. Bxd6 h4 81. Bh2 Kf5 82.
Kc5 Be2 83. Kb4 Bf3 84. d6 Bc6 85. Kxc4 Ke6 86. Kb4 Kd7 87. b3 axb3 88. Kxb3 Bf3 89. Kb4 Kc6 90. a4 Be2 91. Kc3 Bd1 92. a5 Bg4 93. Kc4 Be2+ 94. Kd4 h3 95. Ke5 Kd7 96. Kd5 Bf3+ 97. Kc5 Kc8 98. Kb6 Bg2 99. Bg1 Bf3 100.
Bh2 Bg2 101. Kb5 Kd7 102. Kc5 Bf3 103. Kd4 Bg2 104. Ke5 Bc6 105. Kf5 Bg2 106. Kg4 Kc6 107. Kf5 Kd7 108. Kf6 Bb7 109. Ke5 Bg2 110. Kd4 Bb7 111. Kc5 Bg2 112. Kb6 Kc8 1/2-1/2

[Event "Late-Titled-Tuesday-Blitz-February-13-2024"]
[Site "Chess.com"]
[Date "2024.02.13"]
[Round "9"]
[White "el008"]
[Black "Abduzhaparov"]
[Result "0-1"]
[WhiteElo "2546"]
[BlackElo "2449"]
[TimeControl "180+1"]
[EndTime "15:40:31 PST"]
[Termination "Abduzhaparov won by resignation"]

1. Nf3 d6 2. b3 e5 3. e4 Nf6 4. Nc3 Nbd7 5. g3 Be7 6. Bg2 O-O 7. O-O c6 8. d4 b5 9. a3 a5 10. d5 cxd5 11. Nxd5 Nxd5 12. Qxd5 Ba6 13. Rd1 Nf6 14. Qd3 b4 15. Qe3 Ng4 16. Qd2 Qb6 17. axb4 axb4 18.
Ra4 d5 19. h3 Nxf2 20. Rf1 Nxe4+ 21. Qe3 Bc5 0-1

[Event "Late-Titled-Tuesday-Blitz-February-13-2024"]
[Site "Chess.com"]
[Date "2024.02.13"]
[Round "9"]
[White "deribas12345"]
[Black "ural58"]
[Result "1-0"]
[WhiteElo "2636"]
[BlackElo "2508"]
[TimeControl "180+1"]
[EndTime "15:40:32 PST"]
[Termination "deribas12345 won by resignation"]

1. d4 d5 2. c4 e5 3. e3 exd4 4.
exd4 Nf6 5. Nc3 Nc6 6. c5 Bf5 7.
Bb5 Ne4 8. Nge2 Qf6 9. Nxd5 Qd8 10. Ne3 Bd7 11. O-O Be7 12. d5 Ne5 13. Bxd7+ Qxd7 14. Qd4 1-0

[Event "Late-Titled-Tuesday-Blitz-February-13-2024"]
[Site "Chess.com"]
[Date "2024.02.13"]
[Round "9"]
[White "GMKrikor"]
[Black "Alexei_Gubajdullin"]
[Result "1-0"]
[WhiteElo "2834"]
[BlackElo "2641"]
[TimeControl "180+1"]
[EndTime "15:40:41 PST"]
[Termination "GMKrikor won by resignation"]

1. Nf3 Nf6 2. c4 g6 3. Nc3 Bg7 4. e4 O-O 5. d4 d6 6. h3 Na6 7.
Bg5 c5 8. d5 e6 9. Be2 exd5 10.
cxd5 Qe8 11. Nd2 Qd8 12. O-O Re8 13. Re1 Bh6 14. Bxh6 Nd7 15. Bf4 Ne5 16. Nf3 Qf6 17. Bg3 g5 18. Nxe5 dxe5 19. Bg4 Nc7 20. Bxc8 Rexc8 21. a4 Ne8 22. Qg4 Nd6 23. Nb5 h6 24. h4 Nc4 25. hxg5 hxg5 26. b3 Na5 27. Rab1 a6 28.
Na3 b5 29. axb5 axb5 30. Nxb5 Rab8 31. Na3 Nxb3 32. Nc4 Rb4 33. Qxc8+ 1-0

[Event "Late-Titled-Tuesday-Blitz-February-13-2024"]
[Site "Chess.com"]
[Date "2024.02.13"]
[Round "9"]
[White "mjelcic"]
[Black "HajiyevKanan"]
[Result "0-1"]
[WhiteElo "2215"]
[BlackElo "2469"]
[TimeControl "180+1"]
[EndTime "15:40:52 PST"]
[Termination "HajiyevKanan won on time"]

1. d4 c6 2. Bf4 d5 3. Nc3 Qb6 4. b3 Nf6 5. Nf3 Bf5 6. e3 Qa5 7. Qd2 e5 8. dxe5 Bb4 9. exf6 Bxc3 10. Qxc3 Qxc3+ 0-1

[Event "Late-Titled-Tuesday-Blitz-February-13-2024"]
[Site "Chess.com"]
[Date "2024.02.13"]
[Round "9"]
[White "CFalcons8"]
[Black "OneTrickPony_82"]
[Result "1-0"]
[WhiteElo "2439"]
[BlackElo "2548"]
[TimeControl "180+1"]
[EndTime "15:41:25 PST"]
[Termination "CFalcons8 won by resignation"]

1. d4 Nf6 2. Nf3 d5 3. c4 e6 4. g3 dxc4 5. Bg2 c5 6. O-O Nc6 7. dxc5 Qxd1 8. Rxd1 Bxc5 9. Nbd2 c3 10. bxc3 O-O 11. Nb3 Be7 12. c4 Bd7 13. Bb2 Rfc8 14. Bxf6 Bxf6 15. Rxd7 Bxa1 16. Nxa1 Rd8 17. Rxd8+ Rxd8 18.
Nb3 Rd1+ 19. Bf1 a5 20. Nc5 Rc1 21. Nxb7 Rxc4 22. e3 Ra4 23. Bb5 Rxa2 24. Bxc6 a4 25. Nd4 a3 26. Nc5 Rb2 27. Ndb3 a2 28. Kg2 Kf8 29. Na1 Ke7 30. Ncb3 Kd6 31. Be4 f5 32.
Bc2 Kd5 33. Nc1 Kc4 34. Bb3+ Kc3 35. Nxa2+ 1-0

[Event "Late-Titled-Tuesday-Blitz-February-13-2024"]
[Site "Chess.com"]
[Date "2024.02.13"]
[Round "9"]
[White "Yurovskykh_Oleksandr"]
[Black "tgpgoat"]
[Result "0-1"]
[WhiteElo "2674"]
[BlackElo "2548"]
[TimeControl "180+1"]
[EndTime "15:41:34 PST"]
[Termination "tgpgoat won by resignation"]

1. d4 Nf6 2. Nf3 d5 3. c3 g6 4.
Bg5 Ne4 5. Bh4 Bg7 6. e3 O-O 7.
Nbd2 c5 8. Nxe4 dxe4 9. Nd2 cxd4 10. exd4 Bf5 11. Qb3 Nc6 12. Qxb7 Nxd4 13. cxd4 Qxd4 14. Nc4 Rab8 15. Qa6 Rxb2 16. Be2 Rxe2+ 17. Kxe2 Qd3+ 18.
Ke1 Bc3+ 0-1

[Event "Late-Titled-Tuesday-Blitz-February-13-2024"]
[Site "Chess.com"]
[Date "2024.02.13"]
[Round "9"]
[White "Kotlyar_K"]
[Black "Inepton_Fermion"]
[Result "1-0"]
[WhiteElo "2529"]
[BlackElo "2380"]
[TimeControl "180+1"]
[EndTime "15:41:40 PST"]
[Termination "Kotlyar_K won by checkmate"]

1. d4 Nf6 2. c4 e6 3. Nc3 Bb4 4. e3 b6 5. Bd2 Bb7 6. Nf3 O-O 7. Bd3 Bxc3 8. Bxc3 Ne4 9. Bxe4 Bxe4 10. d5 Bg6 11. h4 h6 12. Ne5 Bh7 13. Qg4 f6 14.
Ng6 Bxg6 15. Qxg6 e5 16. O-O-O d6 17. g4 Nd7 18. g5 fxg5 19. hxg5 Qxg5 20. Qe6+ Rf7 21.
Rdg1 Qf6 22. Rxh6 Qxf2 23. Rxg7+ Kxg7 24. Qg6+ Kf8 25. Rh8+ Ke7 26. Qe6# 1-0

[Event "Late-Titled-Tuesday-Blitz-February-13-2024"]
[Site "Chess.com"]
[Date "2024.02.13"]
[Round "9"]
[White "WilsonPalencia21"]
[Black "IraZyne"]
[Result "1-0"]
[WhiteElo "2532"]
[BlackElo "2334"]
[TimeControl "180+1"]
[EndTime "15:42:02 PST"]
[Termination "WilsonPalencia21 won by resignation"]

1. d4 d5 2. c4 e6 3. Nf3 c6 4. Nc3 dxc4 5. a4 Bb4 6. e3 b5 7. Bd2 a5 8. Ne5 Bb7 9. Qf3 Qe7 10. Qg3 f6 11. Nf3 Nh6 12. axb5 Bxc3 13. Bxc3 cxb5 14. Rxa5 O-O 15. Rxb5 Ra1+ 16. Kd2 Bd5 17. Rxb8 Nf5 18. Rxf8+ Qxf8 19. Qc7 Qa8 20. Rg1 Qa4 21. Be2 Rxg1 22.
Nxg1 h5 23. f3 Qa1 24. e4 Qxg1 25. exf5 Qxg2 26. Qg3 1-0

[Event "Late-Titled-Tuesday-Blitz-February-13-2024"]
[Site "Chess.com"]
[Date "2024.02.13"]
[Round "9"]
[White "effefe"]
[Black "JaackCamel"]
[Result "1-0"]
[WhiteElo "2281"]
[BlackElo "2196"]
[TimeControl "180+1"]
[EndTime "15:42:11 PST"]
[Termination "effefe won by resignation"]

1. d4 d5 2. c4 e6 3. Nc3 c6 4.
Nf3 dxc4 5. a4 Bb4 6. e4 b5 7. Be2 Bb7 8. O-O a6 9. e5 h6 10. Ne4 Nd7 11. Bd2 Be7 12. Qe1 c5 13. Nd6+ Bxd6 14.
exd6 Qb6 15. dxc5 Qxc5 16. Bb4 Qb6 17. axb5 axb5 18. Rxa8+ Bxa8 19. Qa1 Bxf3 20. Bxf3 Ngf6 21. Qa8+ Qb8 22. Qxb8+ Nxb8 23. Ra1 Kd7 24. Ra7+ Ke8 25. Re7+ Kf8 26. d7 1-0

[Event "Late-Titled-Tuesday-Blitz-February-13-2024"]
[Site "Chess.com"]
[Date "2024.02.13"]
[Round "9"]
[White "zajka-molotok"]
[Black "karinachess1"]
[Result "0-1"]
[WhiteElo "2501"]
[BlackElo "2670"]
[TimeControl "180+1"]
[EndTime "15:42:20 PST"]
[Termination "karinachess1 won by resignation"]

1. e4 e5 2. Nf3 Nc6 3. Nc3 Nf6 4. Bb5 Bd6 5. O-O O-O 6. a3 h6 7. Re1 a6 8. Bc4 Bc5 9. Nd5 d6 10. h3 Be6 11. d3 Bxd5 12. Bxd5 Nxd5 13. exd5 Ne7 14.
c4 Nf5 15. Be3 Nxe3 16. fxe3 e4 17. dxe4 Re8 18. Qd3 Qe7 19. Nd2 a5 20. Rf1 a4 21.
Rf4 Qe5 22. Raf1 Rf8 23. Nf3 Qxf4 24. Nd4 Qe5 0-1

[Event "Late-Titled-Tuesday-Blitz-February-13-2024"]
[Site "Chess.com"]
[Date "2024.02.13"]
[Round "9"]
[White "Dinamo3"]
[Black "maxip32"]
[Result "1-0"]
[WhiteElo "2537"]
[BlackElo "2642"]
[TimeControl "180+1"]
[EndTime "15:42:24 PST"]
[Termination "Dinamo3 won by resignation"]

1. c4 e5 2. g3 Nf6 3. Bg2 c6 4. Nf3 e4 5. Nd4 Qb6 6. Nc2 d5 7. cxd5 cxd5 8. O-O Be7 9. d3 O-O 10. Nc3 Bf5 11. Be3 Qxb2 12. Bd4 Nc6 13. Rb1 Qxb1 14. Nxb1 exd3 15. exd3 Rfe8 16. Re1 Rac8 17. Bb2 a5 18. Nd4 Bg6 19. Nxc6 bxc6 20. Bxf6 Bxf6 21. Rxe8+ Rxe8 22. Bf1 h5 23. Nd2 Bc3 24. Nf3 c5 25. Qa4 Rb8 26. Kg2 Bf5 27. Qc6 Rc8 28. Qxd5 Be6 29.
Qxh5 Bxa2 30. Ng5 Re8 31. Qh7+ Kf8 32. Qf5 Bd4 33. Ne4 g6 34. Qf4 Bd5 35. Qd6+ 1-0

[Event "Late-Titled-Tuesday-Blitz-February-13-2024"]
[Site "Chess.com"]
[Date "2024.02.13"]
[Round "9"]
[White "ChristopherYoo"]
[Black "mbojan"]
[Result "1-0"]
[WhiteElo "2971"]
[BlackElo "2851"]
[TimeControl "180+1"]
[EndTime "15:42:26 PST"]
[Termination "ChristopherYoo won by resignation"]

1. Nf3 g6 2. e4 Nf6 3. Nc3 d6 4. d4 Bg7 5. Bc4 O-O 6. O-O Nc6 7. h3 a6 8. e5 Nd7 9. e6 Nb6 10. exf7+ Kh8 11. Bd3 Bf6 12. Ne4 Rxf7 13. Nfg5 Rg7 14. c3 Nd5 15. Bc4 e6 16. Qf3 Bxg5 17. Bxg5 Qe8 18.
Nf6 Qf7 19. Nxd5 exd5 20. Bxd5 Be6 21. Bxe6 Qxe6 22. d5 Qe5 23. Bf6 Qh2+ 1-0

[Event "Late-Titled-Tuesday-Blitz-February-13-2024"]
[Site "Chess.com"]
[Date "2024.02.13"]
[Round "9"]
[White "gxbg2000"]
[Black "Ready4abattle"]
[Result "1/2-1/2"]
[WhiteElo "2054"]
[BlackElo "2227"]
[TimeControl "180+1"]
[EndTime "15:42:34 PST"]
[Termination "Game drawn by repetition"]

1. e4 c5 2. Nf3 Nc6 3. d4 cxd4 4. Nxd4 e5 5. Nxc6 bxc6 6. Bd3 Nf6 7. O-O Be7 8. Nc3 d6 9. Bg5 O-O 10. b3 Bg4 11. f3 Be6 12. Kh1 h6 13. Bxf6 Bxf6 14. Qe2 d5 15. Rad1 Qa5 16. Na4 Rfe8 17. Qf2 Be7 18.
Qg3 Bd6 19. Qe1 Qxe1 20. Rfxe1 d4 21. Kg1 Bb4 22. Re2 c5 23. Nb2 f6 24. Nc4 Red8 25. g4 Kf7 26. Kg2 Ke7 27. h4 a5 28. a4 Ra7 29. Kg3 Rh8 30. h5 Rg8 31. Nb6 Rd8 32.
Rg1 Rb7 33. Nc4 Bc3 34. Kf2 Bb4 35. Rg2 Bc3 36. Rg1 Bb4 37. Rg2 Bc3 38. Rg1 1/2-1/2

[Event "Late-Titled-Tuesday-Blitz-February-13-2024"]
[Site "Chess.com"]
[Date "2024.02.13"]
[Round "9"]
[White "AryanTari"]
[Black "Szparu"]
[Result "0-1"]
[WhiteElo "2939"]
[BlackElo "2806"]
[TimeControl "180+1"]
[EndTime "15:42:35 PST"]
[Termination "Szparu won by resignation"]

1. e4 e6 2. d4 d5 3. exd5 exd5 4. Nf3 Nf6 5. Bd3 c5 6. O-O c4 7. Re1+ Be7 8. Bf1 O-O 9. b3 cxb3 10. axb3 Nc6 11.
c3 h6 12. b4 Bd6 13. h3 Bf5 14.
Bd3 Ne4 15. b5 Ne7 16. c4 Re8 17. c5 Bc7 18. Qc2 Ng6 19. Nc3 Nh4 20. Nxh4 Qxh4 21.
Nxd5 Nxf2 22. Bg5 Nxh3+ 23. gxh3 Rxe1+ 24. Rxe1 Qxe1+ 25. Kg2 Qg3+ 0-1